 Dungeon Crawl Stone Soup version 0.24-a0-271-ga0fc33f724 (webtiles) character file.

Game seed: 9269907990270128196

3716 Redear the Skirmisher (level 9, -17/71 HPs)
             Began as a Demonspawn Fighter on Apr 23, 2019.
             Was a Priest of Okawaru.
             Demolished by a two-headed ogre
             ... wielding a +0 giant club
              (24 damage)
             ... on level 8 of the Dungeon.
             The game lasted 00:10:44 (7932 turns).

Redear the Skirmisher (Demonspawn Fighter)          Turns: 7932, Time: 00:10:44

Health: -17/71     AC:  8    Str: 20    XL:     9   Next: 91%
Magic:  13/13      EV: 10    Int: 10    God:    Okawaru [***...]
Gold:   284        SH: 15    Dex: 12    Spells: 8/8 levels left

rFire    . . .     SeeInvis .   d - +1 flail (protect)
rCold    . . .     Gourm    .   c - +0 shield
rNeg     . . .     Faith    .   b - +0 scale mail
rPois    .         Spirit   .   y - +1 hat
rElec    .         Reflect  +   (no cloak)
rCorr    .         Harm     .   (no gloves)
MR       .....                  (boots unavailable)
Stlth    ..........             j - +5 amulet of reflection
HPRegen  0.21/turn              (no ring)
MPRegen  0.13/turn              (no ring)

@: very slightly contaminated
A: antennae 1, claws 1, hooves 3, rot immunity
a: Heroism, Renounce Religion


You were on level 8 of the Dungeon.
You worshipped Okawaru.
Okawaru was most pleased with you.
You were hungry.

You visited 2 branches of the dungeon, and saw 9 of its levels.

You collected 284 gold pieces.

Inventory:

Hand Weapons
 a - a +0 flail
 d - a +1 flail of protection (weapon)
 g - a +0 trident
 E - a +2 mace of protection
Missiles
 Z - a throwing net (quivered) {+f}
Armour
 b - a +0 scale mail (worn)
 c - a +0 shield (worn)
 k - a +0 pair of boots
 y - a +1 hat (worn)
Jewellery
 j - a +5 amulet of reflection (around neck)
Wands
 S - a wand of scattershot (5)
 V - a wand of flame (13)
Scrolls
 e - 9 scrolls of identify {unknown}
 f - 2 scrolls of immolation {unknown}
 h - 4 scrolls of teleportation {unknown}
 i - a scroll of fear {unknown}
 l - 2 scrolls of noise {unknown}
 n - a scroll of acquirement {unknown}
 o - 6 scrolls of amnesia {unknown}
 p - a scroll of magic mapping {unknown}
 r - a scroll of remove curse {unknown}
 t - a scroll of random uselessness {unknown}
 u - a scroll of blinking {unknown}
 w - a scroll of enchant armour {unknown}
Potions
 m - a potion of cancellation {unknown}
 q - a potion of invisibility
 s - 2 potions of lignification {unknown}
 v - a potion of flight {unknown}
 x - a potion of brilliance {unknown}
 A - 2 potions of magic {unknown}
 B - a potion of agility {unknown}
 C - a potion of heal wounds {@q1}
 H - 2 potions of haste {@q5}
 Q - 3 potions of curing {@q2}
Comestibles
 z - 8 rations


   Skills:
 + Level 6.9 Fighting
 + Level 5.7 Maces & Flails
 + Level 6.1 Armour
 + Level 5.3 Dodging
 + Level 6.2 Shields
 + Level 5.5 Invocations


You had 8 spell levels left.
You didn't know any spells.
Your spell library was empty.

Dungeon Overview and Level Annotations

Branches:
Dungeon (8/15)             Temple (1/1) D:5            Lair (0/6) D:8

Altars:
Ashenzari
Dithmenos
Elyvilon
Fedhas
Kikubaaqudgha
Nemelex Xobeh
Okawaru
Sif Muna
Trog
Uskayaw
Vehumet
Wu Jian
Xom

Annotations:
D:3 2 transporters


Innate Abilities, Weirdness & Mutations

You have a pair of small antennae on your head.
You have sharp fingernails.
You have hooves in place of feet.
You are immune to rotting.


Message History

The two-headed ogre hits you with a +0 giant club!
You block the two-headed ogre's attack.
You regained 15 hp, and now have 27/71 hp.
You see here an adder skeleton.
Okay, then.
Evoke which item? (* to show all) (? for menu, Esc to quit)
Okay, then.
Unknown command.
Evoke which item? (* to show all) (? for menu, Esc to quit)
Aiming: Scattershot
Press: ? - help, Shift-Dir - straight line, f - two-headed ogre
Aim: a two-headed ogre, wielding two +0 giant clubs The burst of metal fragments hits the two-headed ogre.
The burst of metal fragments hits the two-headed ogre!
The burst of metal fragments hits the two-headed ogre. x2
The two-headed ogre is moderately wounded.
The two-headed ogre hits you with a +0 giant club!!
* * * LOW HITPOINT WARNING * * *
The two-headed ogre hits you with a +0 giant club!!
You die...

#.# #.## #...# ######.# ..#
#.#.# #......# #.###.#.##
#......# #..##.#.## #<.....#
##.##.#.##
#####[.....#####.#....##
##.......................
#..###.[....#####.#..####
#..###..@...# #....##..
#######..##..O...# ##.......
.........####.#### #....#..
.........# #.# ##....#..
.........# #รท########........
.........####.................
....................#.###..#..
..........###..####...###..#..
........#......###...........#


You could see a two-headed ogre.

Vanquished Creatures
  Sigmund (D:5)
  A yak (D:8)
  Menkaure (D:4)
  Edmund (D:4)
  3 black bears
  2 orc warriors
  A porcupine (D:8)
  3 sky beasts
  2 phantoms
  An ogre (D:5)
  2 centaurs (D:6)
  3 crocodiles
  5 bullfrogs
  2 scorpions
  6 killer bees (D:8)
  4 howler monkeys
  2 crimson imps (D:7)
  A bullfrog zombie (D:3)
  A jelly (D:6)
  A bullfrog skeleton (D:5)
  2 centaur skeletons
  An orc priest (D:7)
  5 orc wizards
  3 hounds
  Jessica (D:3)
  An iguana (D:7)
  Natasha (D:3)
  3 worker ants
  A hound skeleton (D:4)
  A howler monkey zombie (D:7)
  7 adders
  2 oozes
  2 adder zombies
  4 adder skeletons
  3 worms
  5 leopard geckos
  21 orcs
  A ball python (D:2)
  6 giant cockroaches
  5 goblins
  8 hobgoblins
  12 jackals
  11 kobolds
  3 quokkas
  17 bats
  6 frilled lizards
  A jackal skeleton (D:5)
  A quokka skeleton (D:8)
  5 rats
182 creatures vanquished.

Vanquished Creatures (others)
  18 fungi (D:8)
  2 plants (D:8)
20 creatures vanquished.

Grand Total: 202 creatures vanquished

Notes
Turn   | Place    | Note
-------+----------+-------------------------------------------
     0 | D:1      | Redear the Demonspawn Fighter began the quest for the Orb.
     0 | D:1      | Reached XP level 1. HP: 18/18 MP: 1/1
   166 | D:1      | Gained mutation: You have a pair of small antennae on your
                  | head. [demonic ancestry]
   166 | D:1      | Reached XP level 2. HP: 24/24 MP: 2/2
   217 | D:1      | Reached skill level 2 in Maces & Flails
   954 | D:2      | Gained mutation: You have large cloven feet. [demonic
                  | ancestry]
   954 | D:2      | Reached XP level 3. HP: 29/29 MP: 3/3
   979 | D:2      | Reached skill level 3 in Armour
   997 | D:2      | Reached skill level 3 in Shields
   998 | D:2      | Reached skill level 1 in Dodging
  1689 | D:3      | Gained mutation: You have hoof-like feet. [demonic
                  | ancestry]
  1689 | D:3      | Reached XP level 4. HP: 28/35 MP: 4/4
  1806 | D:3      | Found a transporter.
  1875 | D:3      | Found a transporter.
  2238 | D:3      | Noticed Jessica
  2243 | D:3      | Killed Jessica
  2243 | D:3      | Reached XP level 5. HP: 42/42 MP: 5/5
  2277 | D:3      | Noticed Natasha
  2282 | D:3      | Killed Natasha
  2676 | D:4      | Noticed a sky beast
  2690 | D:4      | Killed a sky beast
  2690 | D:4      | Reached skill level 4 in Fighting
  2690 | D:4      | Reached skill level 3 in Maces & Flails
  2690 | D:4      | Reached skill level 2 in Dodging
  2690 | D:4      | Reached XP level 6. HP: 21/48 MP: 6/6
  2817 | D:4      | Noticed Edmund
  2853 | D:4      | Killed Edmund
  2961 | D:4      | Found a shadowy altar of Dithmenos.
  3122 | D:4      | Noticed Menkaure
  3136 | D:4      | Killed Menkaure
  3136 | D:4      | Reached skill level 4 in Armour
  3136 | D:4      | Reached skill level 4 in Shields
  3136 | D:4      | Gained mutation: You have hooves in place of feet. [demonic
                  | ancestry]
  3136 | D:4      | Reached XP level 7. HP: 17/55 MP: 7/7
  3141 | D:4      | HP: 3/55 [orc/+0 trident (5)]
  3412 | D:5      | Entered Level 5 of the Dungeon
  3504 | D:5      | Found a deep blue altar of Sif Muna.
  3638 | D:5      | Found a staircase to the Ecumenical Temple.
  3665 | Temple   | Entered the Ecumenical Temple
  3703 | Temple   | Became a worshipper of Warmaster Okawaru
  3813 | D:5      | Noticed Sigmund
  3826 | D:5      | Killed Sigmund
  3826 | D:5      | Reached skill level 3 in Dodging
  3919 | D:5      | Reached skill level 5 in Fighting
  3950 | D:5      | Reached * piety under Okawaru
  3950 | D:5      | Reached skill level 4 in Maces & Flails
  4241 | D:6      | Gained mutation: You are immune to rotting. [demonic
                  | ancestry]
  4241 | D:6      | Reached XP level 8. HP: 62/62 MP: 8/8
  4247 | D:6      | Reached skill level 1 in Invocations
  4751 | D:6      | Reached skill level 5 in Shields
  4751 | D:6      | Reached skill level 2 in Invocations
  4936 | D:6      | Reached skill level 5 in Armour
  4986 | D:7      | Found a hide-covered altar of Uskayaw.
  5010 | D:7      | Reached skill level 4 in Dodging
  5023 | D:7      | Reached ** piety under Okawaru
  5101 | D:7      | Reached skill level 3 in Invocations
  5614 | D:7      | Gained mutation: You have sharp fingernails. [demonic
                  | ancestry]
  5614 | D:7      | Reached XP level 9. HP: 16/69 MP: 11/11
  5968 | D:7      | Reached skill level 6 in Fighting
  6211 | D:8      | Reached skill level 5 in Maces & Flails
  6228 | D:8      | Reached skill level 4 in Invocations
  6260 | D:8      | Reached *** piety under Okawaru
  6466 | D:8      | Found a staircase to the Lair.
  6708 | D:8      | Reached skill level 5 in Dodging
  6710 | D:8      | Reached skill level 5 in Invocations
  6716 | D:8      | Reached skill level 6 in Shields
  6896 | D:8      | Noticed a two-headed ogre
  7217 | D:7      | Reached skill level 6 in Armour
  7868 | D:8      | HP: 1/71 [two-headed ogre/+0 giant club (15)]
  7932 | D:8      | HP: 7/71 [two-headed ogre/+0 giant club (22)]
  7932 | D:8      | Demolished by a two-headed ogre

Levels and vault maps discovered:
D:1:      onia_arrival_pyramid, layout_basic
D:2:      minmay_skewed_foursquare, layout_basic, grunt_decor_fettered
D:3:      gammafunk_steamed_eel, layout_loops_ring, minmay_stone_trees_small,
          kennysheep_minor_cross, uniq_jessica, uniq_natasha
D:4:      layout_gridville, nicolae_dithmenos_through_a_glass_darkly,
          first_ration, uniq_edmund, uniq_menkaure
D:5:      layout_gridville, minmay_temple_entry_junction_2, basic_altar,
          uniq_sigmund
D:6:      layout_gridville, minmay_quadrilaterals
D:7:      layout_basic, eat_drink_and_be_merry_uskayaw
D:8:      layout_rooms, nicolae_overflow_hidden_temple,
          due_lair_maze_entry_diamond, grunt_ogre_cave
Temple:   compressed_dpeg_circular_temple

Skill      XL: |  1  2  3  4  5  6  7  8  9 |
---------------+----------------------------+-----
Maces & Flails | 2 3 4 5 |  5.7
Armour         | 3 4 5 6 |  6.1
Shields        | 3 4 5 6 |  6.2
Dodging        | 1 2 3 4 5 |  5.3
Fighting       | 4 5 6 |  6.9
Invocations    | 3 5 |  5.5

Action                   |  1- 3 |  4- 6 |  7- 9 || total
-------------------------+-------+-------+-------++-------
Melee: Flail             |   152 |   163 |   472 ||   787
       Kick              |    19 |    11 |   134 ||   164
Evoke: Wand              |       |       |     1 ||     1
  Use: Potion            |       |     4 |     5 ||     9
 Stab: Invisible         |       |       |     1 ||     1
  Eat: Chunk             |     2 |     6 |    15 ||    23
Armor: Scale mail        |    83 |    44 |   173 ||   300
Dodge: Dodged            |    40 |    44 |   155 ||   239
Block: Shield            |    70 |   112 |   434 ||   616
       Reflection        |       |       |     4 ||     4

Table legend:
 A = Non-vault XP
 B = Vault XP
 C = Vault XP percentage of total XP
 D = Non-vault monster count
 E = Vault monster count
 F = Vault count percentage of total count
                 A         B        C        D         E       F
            +---------+---------+-------+---------+---------+-------
      Total |    3353 |    1956 |  36.8 |     161 |      21 |  11.5
            +---------+---------+-------+---------+---------+-------
        D:1 |      40 |       0 |   0.0 |      23 |       0 |   0.0
        D:2 |      49 |       5 |   9.3 |      23 |       4 |  14.8
        D:3 |      77 |      70 |  47.6 |      18 |       2 |  10.0
        D:4 |     209 |     330 |  61.2 |      17 |       2 |  10.5
        D:5 |     386 |     238 |  38.1 |      11 |       1 |   8.3
        D:6 |     470 |     258 |  35.4 |      15 |       3 |  16.7
        D:7 |    1124 |      90 |   7.4 |      23 |       1 |   4.2
        D:8 |     998 |     965 |  49.2 |      31 |       8 |  20.5
            +---------+---------+-------+---------+---------+-------
